 Dungeon Crawl Stone Soup version 0.24-a0-500-g46574c2197 (webtiles) character file.

Game seed: 8360351373309077568

795 Akello the Digger (level 7, -1/51 HPs)
             Began as a Gnoll Earth Elementalist on July 15, 2019.
             Slain by an orc warrior
             ... wielding a +0 hand axe
              (8 damage)
             ... on level 5 of the Dungeon.
             The game lasted 00:05:44 (3838 turns).

Akello the Digger (Gnoll Earth Elementalist)        Turns: 3838, Time: 00:05:45

Health: -1/51      AC:  3    Str: 11    XL:     7   Next: 89%
Magic:  9/15       EV: 13    Int: 19    God:
Gold:   328        SH:  8    Dex: 18    Spells: 13/17 levels left

rFire    + . .     SeeInvis .   u - +0 long sword
rCold    . . .     Gourm    .   A - +0 shield {rF+}
rNeg     . . .     Faith    .   c - +0 robe
rPois    .         Spirit   .   (no helmet)
rElec    .         Reflect  .   (no cloak)
rCorr    .         Harm     .   B - +0 pair of gloves {Dex+3}
MR       .....                  (no boots)
Stlth    +++.......             (no amulet)
HPRegen  0.17/turn              (no ring)
MPRegen  0.14/turn              (no ring)

@: no status effects
A: distributed training, fangs 1, strong nose
a: no special abilities


You were on level 5 of the Dungeon.
You were hungry.

You visited 1 branch of the dungeon, and saw 5 of its levels.

You collected 328 gold pieces.

Inventory:

Hand Weapons
 u - a +0 long sword (weapon)
Missiles
 b - 79 stones (quivered)
 p - 2 boomerangs
 r - 2 throwing nets
 x - 2 atropa-tipped darts
Armour
 c - a +0 robe (worn)
 A - a +0 shield of fire resistance (worn)
 B - a +0 pair of gloves of dexterity (worn)
Jewellery
 n - an uncursed ring of magical power {unknown}
 y - an uncursed ring of poison resistance {unknown}
 D - an uncursed ring of protection from magic {unknown}
Scrolls
 f - 3 scrolls of amnesia {unknown}
 g - 2 scrolls of magic mapping {unknown}
 h - 12 scrolls of identify {unknown}
 i - 7 scrolls of teleportation {unknown}
 k - 2 scrolls of enchant weapon {unknown}
 m - 3 scrolls of fog {unknown}
 s - 2 scrolls of immolation {unknown}
 v - a scroll of remove curse {unknown}
 C - a scroll of fear {unknown}
Potions
 a - 4 potions of flight {unknown}
 e - 3 potions of lignification {unknown}
 j - 4 potions of curing {unknown}
 l - a potion of magic {unknown}
 o - a potion of might {unknown}
 q - a potion of ambrosia {unknown}
 t - a potion of heal wounds {unknown}
 w - a potion of agility {unknown}
 z - a potion of mutation {unknown}
 E - a potion of degeneration {unknown}
Comestibles
 d - 12 rations


   Skills:
 + Level 2.7 Fighting
 + Level 2.7 Short Blades
 + Level 2.7 Long Blades
 + Level 2.7 Axes
 + Level 2.7 Maces & Flails
 + Level 2.7 Polearms
 + Level 2.7 Staves
 + Level 2.7 Slings
 + Level 2.7 Bows
 + Level 2.7 Crossbows
 + Level 2.7 Throwing
 + Level 2.7 Armour
 + Level 5.3 Dodging
 + Level 5.0 Stealth
 + Level 2.7 Shields
 + Level 2.7 Unarmed Combat
 + Level 5.7 Spellcasting
 + Level 2.2 Conjurations
 + Level 2.2 Hexes
 + Level 2.2 Charms
 + Level 2.2 Summonings
 + Level 2.2 Necromancy
 + Level 2.2 Translocations
 + Level 3.1 Transmutations
 + Level 2.2 Fire Magic
 + Level 2.2 Ice Magic
 + Level 2.2 Air Magic
 + Level 5.9 Earth Magic
 + Level 2.2 Poison Magic
 + Level 3.0 Invocations
 + Level 2.7 Evocations


You had 13 spell levels left.
You knew the following spells:

 Your Spells              Type           Power        Failure   Level  Hunger
a - Sandblast             Erth           ####..       4%          1    None
b - Stone Arrow           Conj/Erth      ###...       30%         3    ##.....

Your spell library contained the following spells:

 Spells                   Type           Power        Failure   Level  Hunger
 Passwall                 Tmut/Erth      ###.....     13%         2    None
 Petrify                  Tmut/Erth      ###.....     65%         4    ####...
 Lee's Rapid Deconstruct  Erth           ####......   80%         5    #####..


Dungeon Overview and Level Annotations

Branches:
Dungeon (5/15)
 Temple: D:4-7

Altars:
Yredelemnul

Annotations:
D:5 1 runed translucent door, PeterQ's ghost, novice GnAs


Innate Abilities, Weirdness & Mutations

Your experience applies equally to all skills.
You have very sharp teeth.
Your uncanny sense of smell can sniff out nearby items.


Message History

Casting: Sandblast (safe; 4% risk of failure)
Confirm with . or Enter, or press ? or * to list all spells.
Aiming: Sandblast (safe; 4% risk of failure)
Press: ? - help, Shift-Dir - straight line, f/p - orc warrior
Aim: an orc warrior, wielding a +0 hand axe and wearing a +0 chain mail (heavily wounded)
The blast of sand hits the orc warrior.
The orc warrior is severely wounded.
b - 80 stones The orc warrior hits you with a +0 hand axe!!
* * * LOW HITPOINT WARNING * * *
Casting: Sandblast (safe; 4% risk of failure)
Confirm with . or Enter, or press ? or * to list all spells.
Aiming: Sandblast (safe; 4% risk of failure)
Press: ? - help, Shift-Dir - straight line, f/p - orc warrior
Aim: an orc warrior, wielding a +0 hand axe and wearing a +0 chain mail (severely wounded)
The blast of sand hits the orc warrior.
The orc warrior is severely wounded.
b - 79 stones The orc warrior hits you with a +0 hand axe!
You die...

#...... #. #.....# #.
#..o.o### #. #.....'.#
####. ##....#.# ..#.
#....#.# ######## #.#.
#....#o# #......# #.#.
#....#o# #.####.# #...
#....#@# #.####.####..#
#....#.# #....#.#.....#
#....#.######.#.#.###.#
#.#....#.#...# #..
#.#.##.#.########.
#.#....#.#..<..###
#.###..#.#...#.# #
#......#.#####.# #
######.#.......###


You could see an orc warrior and an orc.

Vanquished Creatures
  Sigmund (D:2)
  An ogre (D:5)
  A crimson imp (D:5)
  2 hounds (D:4)
  A bullfrog skeleton (D:4)
  2 orc priests
  3 orc wizards (D:5)
  An iguana (D:4)
  A worker ant (D:4)
  11 adders
  3 gnolls (D:2)
  4 worms
  A dart slug (D:1)
  4 leopard geckos
  13 orcs
  6 giant cockroaches
  9 goblins
  7 hobgoblins
  A quokka (D:4)
  6 bats
  5 frilled lizards
  A jackal skeleton (D:4)
  6 kobolds
  A leopard gecko skeleton (D:4)
  5 rats
96 creatures vanquished.

Notes
Turn   | Place    | Note
-------+----------+-------------------------------------------
     0 | D:1      | Akello the Gnoll Earth Elementalist began the quest for the
                  | Orb.
     0 | D:1      | Reached XP level 1. HP: 13/13 MP: 6/6
   299 | D:1      | Reached XP level 2. HP: 19/19 MP: 3/7
   796 | D:2      | Noticed Sigmund
  1009 | D:2      | Reached skill level 5 in Spellcasting
  1009 | D:2      | Reached XP level 3. HP: 25/25 MP: 3/9
  1147 | D:2      | Reached skill level 1 in Invocations
  1231 | D:2      | Reached skill level 1 in Fighting
  1231 | D:2      | Reached skill level 1 in Short Blades
  1231 | D:2      | Reached skill level 1 in Long Blades
  1231 | D:2      | Reached skill level 1 in Axes
  1231 | D:2      | Reached skill level 1 in Maces & Flails
  1231 | D:2      | Reached skill level 1 in Polearms
  1231 | D:2      | Reached skill level 1 in Staves
  1231 | D:2      | Reached skill level 1 in Slings
  1231 | D:2      | Reached skill level 1 in Bows
  1231 | D:2      | Reached skill level 1 in Crossbows
  1231 | D:2      | Reached skill level 1 in Throwing
  1231 | D:2      | Reached skill level 1 in Armour
  1231 | D:2      | Reached skill level 1 in Shields
  1231 | D:2      | Reached skill level 1 in Unarmed Combat
  1231 | D:2      | Reached skill level 1 in Evocations
  1231 | D:2      | Reached XP level 4. HP: 32/32 MP: 7/11
  1362 | D:2      | Reached skill level 1 in Conjurations
  1362 | D:2      | Reached skill level 1 in Hexes
  1362 | D:2      | Reached skill level 1 in Charms
  1362 | D:2      | Reached skill level 1 in Summonings
  1362 | D:2      | Reached skill level 1 in Necromancy
  1362 | D:2      | Reached skill level 1 in Translocations
  1362 | D:2      | Reached skill level 1 in Fire Magic
  1362 | D:2      | Reached skill level 1 in Ice Magic
  1362 | D:2      | Reached skill level 1 in Air Magic
  1362 | D:2      | Reached skill level 1 in Poison Magic
  1541 | D:2      | Reached XP level 5. HP: 37/37 MP: 10/12
  1547 | D:2      | Killed Sigmund
  1547 | D:2      | Reached XP level 6. HP: 31/44 MP: 5/13
  1703 | D:3      | Reached skill level 5 in Dodging
  2391 | D:3      | Found a basalt altar of Yredelemnul.
  2629 | D:3      | Learned a level 3 spell: Stone Arrow
  2784 | D:4      | Reached XP level 7. HP: 17/50 MP: 3/15
  3314 | D:5      | Entered Level 5 of the Dungeon
  3437 | D:5      | Found a runed translucent door.
  3437 | D:5      | Noticed PeterQ's ghost (novice GnAs)
  3544 | D:5      | Reached skill level 5 in Stealth
  3838 | D:5      | Slain by an orc warrior

Levels and vault maps discovered:
D:1:      minmay_arrival_split_and_join, layout_basic,
          minmay_misc_feat_secret_circle, hex_medium, minmay_tall_x
D:2:      layout_basic, uniq_sigmund
D:3:      layout_loops_ring, lemuel_doored_altar
D:4:      layout_basic, first_ration
D:5:      layout_basic, hellmonk_ghost_happy_afterlife, grunt_ministairs_3

Skill      XL: |  1  2  3  4  5  6  7 |
---------------+----------------------+-----
Transmutations | 2 3 |  3.1
Spellcasting   | 5 |  5.7
Invocations    | 1 2 3 |  3.0
Fighting       | 1 2 |  2.7
Short Blades   | 1 2 |  2.7
Long Blades    | 1 2 |  2.7
Axes           | 1 2 |  2.7
Maces & Flails | 1 2 |  2.7
Polearms       | 1 2 |  2.7
Staves         | 1 2 |  2.7
Slings         | 1 2 |  2.7
Bows           | 1 2 |  2.7
Crossbows      | 1 2 |  2.7
Throwing       | 1 2 |  2.7
Armour         | 1 2 |  2.7
Shields        | 1 2 |  2.7
Unarmed Combat | 1 2 |  2.7
Evocations     | 1 2 |  2.7
Conjurations   | 1 2 |  2.2
Hexes          | 1 2 |  2.2
Charms         | 1 2 |  2.2
Summonings     | 1 2 |  2.2
Necromancy     | 1 2 |  2.2
Translocations | 1 2 |  2.2
Fire Magic     | 1 2 |  2.2
Ice Magic      | 1 2 |  2.2
Air Magic      | 1 2 |  2.2
Poison Magic   | 1 2 |  2.2
Dodging        | 5 |  5.3
Stealth        | 5 |  5.0
Earth Magic    | |  5.9

Action                   |  1- 3 |  4- 6 |  7- 9 || total
-------------------------+-------+-------+-------++-------
Melee: Unarmed           |    18 |     1 |       ||    19
       Bite              |     3 |     2 |     5 ||    10
       Long sword        |       |    28 |    27 ||    55
 Cast: Sandblast         |    33 |    67 |    48 ||   148
 Stab: Sleeping          |       |     5 |     2 ||     7
  Eat: Chunk             |     1 |     4 |       ||     5
       Ration            |       |       |     1 ||     1
Armor: Robe              |     2 |     4 |     8 ||    14
Dodge: Dodged            |    25 |    43 |    27 ||    95
Block: Shield            |       |       |    20 ||    20
       Rpst.: Long sword |       |    12 |    10 ||    22

Table legend:
 A = Non-vault XP
 B = Vault XP
 C = Vault XP percentage of total XP
 D = Non-vault monster count
 E = Vault monster count
 F = Vault count percentage of total count
                 A         B        C        D         E       F
            +---------+---------+-------+---------+---------+-------
      Total |     902 |     234 |  20.6 |      91 |       5 |   5.2
            +---------+---------+-------+---------+---------+-------
        D:1 |      19 |       7 |  26.9 |      12 |       4 |  25.0
        D:2 |     143 |     227 |  61.4 |      24 |       1 |   4.0
        D:3 |     138 |       0 |   0.0 |      25 |       0 |   0.0
        D:4 |     229 |       0 |   0.0 |      13 |       0 |   0.0
        D:5 |     373 |       0 |   0.0 |      17 |       0 |   0.0
            +---------+---------+-------+---------+---------+-------
